Map: Abyssal Reef LE

Players

Shas

  • Race: Protoss Protoss
  • League: Silver
  • Spawn Location: 5:00

Yata - Winner!

  • Race: Zerg Zerg
  • League: Bronze
  • Spawn Location: 11:00

VOD

Have the link to the VOD?

Description

Time

  • Played on: July 7, 2017, 9:18 p.m.
  • Length: 11:01
Show
View Real Time Build Order
Export as new Build Order

Shas Protoss 

Build Orders:  

Get SALT Encoding   

  12  0:05  Probe (Chrono Boost)  
  13  0:15  Probe (Chrono Boost)  
  14  0:26  Pylon  
  14  0:42  Probe (Chrono Boost)  
  15  0:47  Gateway  
  15  0:52  Forge  
  15  0:59  Assimilator  
  15  1:06  Assimilator  
  15  1:12  Pylon  
  15  1:13  Probe (Chrono Boost)  
  16  1:23  Probe (Chrono Boost)  
  17  1:34  Probe (Chrono Boost)  
  18  1:43  Photon Cannon  
  18  1:44  Probe (Chrono Boost)  
  19  1:53  Cybernetics Core  
  19  1:56  Zealot  
  19  2:01  Probe (Chrono Boost)  
  22  2:11  Probe (Chrono Boost)  
  23  2:22  Probe (Chrono Boost)  
  24  2:26  Zealot  
  26  2:30  Pylon  
  26  2:32  Warp Gate (Chrono Boost), Probe (Chrono Boost)  
  27  2:43  Probe (Chrono Boost)  
  28  2:53  Stalker  
  30  3:02  Gateway  
  30  3:06  Gateway  
  30  3:13  Mothership Core  
  32  3:23  Stalker  
  34  3:30  Twilight Council  
  34  3:58  Pylon  
  34  4:00  Stalker  
  36  4:14  Nexus  
  36  4:18  Assimilator  
  36  4:21  Assimilator  
  36  4:36  Probe (Chrono Boost)  
  37  4:46  Probe (Chrono Boost)  
  37  4:49  Dark Shrine  
  38  4:57  Probe (Chrono Boost)  
  39  5:03  Pylon  
  39  5:08  Probe (Chrono Boost)  
  40  5:15  Gateway  
  40  5:18  Probe (Chrono Boost)  
  40  5:19  Cybernetics Core  
  41  5:29  Probe (Chrono Boost)  
  41  5:32  Protoss Shields Level 1 (Chrono Boost)  
  42  5:37  Probe (Chrono Boost)  
  42  5:39  Probe (Chrono Boost)  
  44  5:48  Probe (Chrono Boost)  
  46  5:50  Stalker, Probe (Chrono Boost)  
  46  5:51  Stalker  
  50  5:58  Probe (Chrono Boost)  
  51  6:08  Stargate  
  51  6:09  Probe (Chrono Boost)  
  52  6:17  Dark Templar x2  
  56  6:20  Dark Templar  
  56  6:23  Probe (Chrono Boost)  
  59  6:26  Probe (Chrono Boost)  
  59  6:32  Probe  
  60  6:33  Protoss Air Weapons Level 1  
  60  6:36  Protoss Air Armor Level 1  
  55  7:09  Probe  
  56  7:18  Nexus  
  56  7:21  Probe  
  57  7:24  Assimilator  
  57  7:25  Assimilator  
  57  7:33  Probe  
  58  7:40  Probe  
  58  7:42  Pylon  
  59  7:45  Probe  
  59  7:51  Probe  
  60  7:57  Probe  
  62  8:01  Probe  
  62  8:03  Fleet Beacon  
  63  8:09  Probe  
  63  8:11  Stalker x2  
  63  8:12  Probe  
  69  8:21  Probe  
  69  8:23  Probe  
  71  8:33  Probe  
  72  8:39  Nexus  
  72  8:45  Assimilator  
  72  8:47  Probe  
  72  8:48  Assimilator  
  72  8:51  Probe  
  74  8:57  Probe  
  74  9:01  Probe  
  75  9:05  Probe  
  75  9:09  Probe  
  78  9:12  Probe  
  79  9:17  Probe  
  79  9:18  Carrier (Chrono Boost)  
  79  9:21  Probe  
  79  9:23  Probe  
  87  9:27  Stargate  
  87  9:28  Graviton Catapult  
  87  9:29  Probe  
  89  9:33  Probe x2  
  91  9:41  Probe  
  91  9:44  Probe  
  93  9:54  Probe  
  94  10:00  Probe  
  94  10:04  Probe  
  94  10:05  Pylon  
  96  10:11  Dark Templar x2  
  96  10:12  Dark Templar  
  102  10:25  Probe  
  102  10:26  Probe  
  74  10:36  Probe  
  74  10:38  Probe  
  74  10:41  Dark Templar  
  67  10:46  Probe  
  56  10:57  Nexus  
Show
View Real Time Build Order
Export as new Build Order

Yata Zerg - Winner!

Build Orders: Hatch First 

Get SALT Encoding   

  12  0:01  Drone  
  13  0:08  Drone  
  14  0:16  Overlord  
  14  0:36  Drone x2  
  14  0:37  Drone  
  17  0:57  Hatchery  
  17  1:00  Drone x2  
  18  1:05  Extractor  
  17  1:17  Spawning Pool  
  16  1:20  Drone  
  16  1:24  Drone  
  18  1:35  Drone  
  19  1:42  Overlord  
  19  1:54  Drone  
  20  2:05  Queen  
  20  2:08  Metabolic Boost  
  22  2:09  Queen  
  22  2:15  Zergling x4  
  26  2:18  Drone  
  27  2:34  Drone x3  
  30  2:44  Lair  
  30  2:47  Queen  
  32  2:55  Drone  
  32  2:56  Drone x2  
  35  3:36  Drone  
  35  3:40  Hatchery  
  33  4:01  Spore Crawler  
  32  4:03  Spore Crawler  
  31  4:15  Overlord x4  
  31  4:23  Extractor  
  30  4:26  Extractor  
  30  4:28  Overlord, Extractor  
  28  4:38  Drone x9  
  35  4:44  Pneumatized Carapace  
  37  4:49  Hydralisk Den  
  36  4:55  Roach Warren  
  35  5:00  Evolution Chamber  
  34  5:13  Drone  
  36  5:14  Drone x4  
  36  5:15  Drone x4  
  43  5:25  Zerg Missile Weapons Level 1  
  43  5:33  Lurker Den  
  43  5:36  Hydralisk  
  43  5:37  Hydralisk x3  
  51  5:55  Spore Crawler  
  51  5:57  Zergling x18  
  59  6:14  Glial Reconstitution  
  50  7:09  Roach x12  
  50  7:13  Overlord x3  
  50  7:14  Overlord  
  73  7:42  Overseer  
  73  7:45  Hydralisk  
  73  7:46  Hydralisk x9  
  93  7:53  Overlord  
  93  8:03  Roach  
  93  8:04  Roach x3  
  101  8:47  Overseer x2  
  101  8:58  Roach x2  
  105  9:05  Drone  
  106  9:13  Muscular Augments  
  106  9:25  Overlord  
  106  9:26  Overlord x5  
  106  9:36  Tunneling Claws  
  106  9:49  Drone  
  106  9:50  Drone x11  
  106  9:51  Drone  
  109  10:31  Drone  
  109  10:32  Drone x3  
Tags
 
Matchup
PvZ
Replay Pack
Pack 1
Spawn Locations
Cross Positions
Add a new tag
Caveats
  • Supply blocks, unpowered buildings, or Contaminate may cause inaccurate times.
  • Supply counts are checked every 10 seconds.